 Dungeon Crawl Stone Soup version 0.28-a0-2-g643f2454ad (webtiles) character file.

Game seed: 9438518447292091179

57 Sweetruy1997 the Chopper (level 4, -3/40 HPs)
             Began as a Hill Orc Monk on July 22, 2021.
             Slain by Crazy Yiuf (12 damage)
             ... on level 2 of the Dungeon.
             The game lasted 00:04:14 (2134 turns).

Sweetruy1997 the Chopper (Hill Orc Monk)            Turns: 2134, Time: 00:04:14

Health: -3/40      AC:  6    Str: 13    XL:     4   Next: 0%
Magic:  4/4        EV: 11    Int: 10    God:
Gold:   46         SH:  0    Dex: 14    Spells: 3/3 levels left

rFire   . . .      SeeInvis .   a - +0 hand axe
rCold   . . .      Faith    .   (no shield)
rNeg    . . .      Spirit   .   h - +0 ring mail
rPois   .          Reflect  .   (no helmet)
rElec   .          Harm     .   d - +0 cloak
rCorr   .          Rampage  .   (no gloves)
Will    .....                   (no boots)
Stlth   +.........              (no amulet)
HPRegen 0.13/turn               (no ring)
MPRegen 0.09/turn               (no ring)

@: mighty, hasted, very quick
A: no striking features
a: no special abilities


You were on level 2 of the Dungeon.
You visited 1 branch of the dungeon, and saw 2 of its levels.

You collected 46 gold pieces.

Inventory:

Hand Weapons
 a - a +0 hand axe (weapon)
Armour
 d - a +0 cloak (worn)
 h - a +0 ring mail (worn)
Scrolls
 b - a scroll of teleportation {unknown}
 c - a scroll of magic mapping {unknown}
 e - a scroll of torment {unknown}
Potions
 j - a potion of lignification {unknown}


   Skills:
 - Level 4.0 Fighting
 + Level 5.0 Axes
 + Level 0.6 Armour
 - Level 3.0 Dodging
 + Level 1.8 Stealth


You had 3 spell levels left.
You didn't know any spells.
Your spell library was empty.

Dungeon Overview and Level Annotations

Branches:
Dungeon (2/15)

Altars:
Uskayaw

Annotations:
D:2 Crazy Yiuf


Message History

Sorry, you're not good enough to have a special ability.
Unknown command.
It was a potion of curing.
You feel better.
It was a potion of haste.
You feel yourself speed up.
You open the door.
Crazy Yiuf yells, "Goldfish hog forty-two!"
You closely miss Crazy Yiuf. You barely miss Crazy Yiuf.
Crazy Yiuf hits you with a +4 quarterstaff of chaos.
You feel as though your hastened speed will last longer.
You hit Crazy Yiuf but do no damage. You closely miss Crazy Yiuf.
Crazy Yiuf barely misses you.
You barely miss Crazy Yiuf. Crazy Yiuf hits you but does no damage.
You hit Crazy Yiuf.
Crazy Yiuf is lightly wounded.
You barely miss Crazy Yiuf.
Crazy Yiuf is lightly wounded.
Crazy Yiuf hits you with a +4 quarterstaff of chaos!
Crazy Yiuf burns you.
You hit Crazy Yiuf.
Crazy Yiuf is moderately wounded.
Crazy Yiuf hits you with a +4 quarterstaff of chaos!
Crazy Yiuf freezes you.
* * * LOW HITPOINT WARNING * * *
You hit Crazy Yiuf.
Crazy Yiuf is moderately wounded.
Crazy Yiuf hits you with a +4 quarterstaff of chaos.
* * * LOW HITPOINT WARNING * * *
Crazy Yiuf burns you.
* * * LOW HITPOINT WARNING * * *
You hit Crazy Yiuf.
Crazy Yiuf is heavily wounded.
You hit Crazy Yiuf.
Crazy Yiuf is severely wounded.
Crazy Yiuf completely misses you.
It was a potion of might.
You feel very mighty all of a sudden.
Crazy Yiuf screams, "Pitchfork sizzlefizz down!"
Crazy Yiuf hits you with a +4 quarterstaff of chaos!
You die...

...#
#..##≈P≈≈≈≈≈.....##.
.#.#
#..###≈P..######.##.
.#.## #..# ######
#....... ..).## ####
#.##..#. .....##
#.##.### ......##
#.##..#. .......###♣♣
### #.##...#
...........♣♣ ♣♣#..)#
#.###.##
..........P.♣♣♣♣@g...#
#.# ##.#
...÷..#...P..♣..♣#...#
#.# #..
.....###....♣.♣♣♣ ###
###.# #.# #....#
###♣♣♣♣♣ #...# #.#
##.#.# ##### #.# #.#.#
### #.. ##.#.# #.# #.#
.....# #.# #.#
.P≈≈.#####.# #.#


You could see Crazy Yiuf.

Vanquished Creatures
  An adder (D:2)
  2 worms (D:2)
  A dart slug (D:2)
  5 endoplasms
  2 giant cockroaches
  4 hobgoblins
  3 quokkas
  6 ball pythons
  6 bats
  5 frilled lizards
  A goblin (D:2)
  3 kobolds
  A rat (D:1)
40 creatures vanquished.

Vanquished Creatures (others)
  50 plants (D:2)
50 creatures vanquished.

Grand Total: 90 creatures vanquished

Notes
Turn   | Place    | Note
-------+----------+-------------------------------------------
     0 | D:1      | Sweetruy1997 the Hill Orc Monk began the quest for the Orb.
     0 | D:1      | Reached XP level 1. HP: 19/19 MP: 1/1
   109 | D:1      | Reached XP level 2. HP: 18/27 MP: 2/2
   743 | D:1      | Found a faded altar of an unknown god.
   871 | D:2      | Reached XP level 3. HP: 15/33 MP: 3/3
  1245 | D:2      | Found a hide-covered altar of Uskayaw.
  1870 | D:2      | Found a runed translucent door.
  1871 | D:2      | Noticed Crazy Yiuf
  1930 | D:2      | Reached skill level 5 in Axes
  1930 | D:2      | Reached XP level 4. HP: 30/40 MP: 4/4
  2134 | D:2      | Slain by Crazy Yiuf

Illustrated notes

Levels and vault maps discovered:
D:1:      matt_arrival_diagonals, layout_rooms, chequers_ecumenical_altar_grove,
          hangedman_glass_teeth, kennysheep_pointless_box
D:2:      layout_loops_ring, serial_bayou, serial_bayou_lagoon_a,
          serial_bayou_crossing, serial_bayou_pond_c, serial_bayou_shore_b,
          basic_altar, uniq_crazy_yiuf_cottage

Skill      XL: |  1  2  3 |
---------------+----------+-----
Fighting       | 4 |  4.0
Dodging        | 3 |  3.0
Axes           | 5 |  5.0
Armour         | |  0.6
Stealth        | |  1.8

Action                   |  1- 3 |  4- 6 || total
-------------------------+-------+-------++-------
Melee: Hand axe          |   173 |    11 ||   184
  Use: Potion            |       |     3 ||     3
 Stab: Sleeping          |     3 |       ||     3
Armor: Robe              |    23 |       ||    23
       Ring mail         |    32 |     1 ||    33
Dodge: Dodged            |   109 |     2 ||   111

Table legend: (Time is in decaauts)
 A = Elapsed time spent in this place.
 B = Non-inter-level travel time spent in this place.
 C = Inter-level travel time spent in this place.
 D = Time resting spent in this place.
 E = Time spent auto-exploring this place.
 F = Levels seen in this place.
 G = Mean time per level.
                   A        B        C        D        E       F      G
               +--------+--------+--------+--------+--------+-----+--------+
         Total |   2163 |   2147 |     16 |    628 |   1171 |   2 | 1081.5 |
       Dungeon |   2163 |   2147 |     16 |    628 |   1171 |   2 | 1081.5 |
               +--------+--------+--------+--------+--------+-----+--------+

Top non-repeatable levels by time:
     D:2: 1310 daAuts
     D:1: 853 daAuts
